[ AOE2 MATCH · #470891095 ]
UnrankedItalians vs Teutons
[ REPLAY ANALYSIS · EXTRACTED FROM THE RECORDED GAME ]
Feudal
11:06
Castle
19:32
Imperial
36:22
| APM avg | 22.0 |
| APM peak | 86 |
| eAPM avg | 14.4 |
| Villagers / military | 126 / 495 |
Focus
⚔️ 46.2% · 🌾 53.8%
Genoese Crossbowman ×261 · Unknown (882) ×253 · Scout Cavalry ×196 · Trade Cart ×32 · Bombard Cannon ×24 · Trebuchet (Packed) ×13
Feudal
18:23
Castle
22:44
Imperial
31:18
| APM avg | 15.7 |
| APM peak | 32 |
| eAPM avg | 12.3 |
| Villagers / military | 140 / 394 |
Focus
⚔️ 35.7% · 🌾 64.3%
Knight ×251 · Teutonic Knight ×118 · Trade Cart ×18 · Bombard Cannon ×17 · Fishing Ship ×8 · Trebuchet (Packed) ×5
Feudal
13:30
Castle
20:29
Imperial
36:03
| APM avg | 15.5 |
| APM peak | 35 |
| eAPM avg | 9.5 |
| Villagers / military | 104 / 903 |
Focus
⚔️ 45.7% · 🌾 54.3%
Militia ×392 · Magyar Huszar ×369 · Spearman ×135 · Fishing Ship ×8 · Trebuchet (Packed) ×6 · Mangonel ×1
Feudal
13:12
Castle
18:28
Imperial
36:04
| APM avg | 29.6 |
| APM peak | 88 |
| eAPM avg | 20.4 |
| Villagers / military | 216 / 382 |
Focus
⚔️ 31.3% · 🌾 68.7%
Spearman ×185 · Militia ×109 · Centurion ×68 · Trade Cart ×33 · Trebuchet (Packed) ×13 · Knight ×3
Feudal
—
Castle
—
Imperial
—
| APM avg | 22.0 |
| APM peak | 168 |
| eAPM avg | 20.5 |
| Villagers / military | 107 / 964 |
Focus
⚔️ 31.6% · 🌾 68.4%
Spearman ×464 · Cavalry Archer ×263 · Skirmisher ×105 · Samurai ×87 · Trade Cart ×22 · Hand Cannoneer ×20
Feudal
13:07
Castle
25:42
Imperial
37:37
| APM avg | 15.0 |
| APM peak | 79 |
| eAPM avg | 13.9 |
| Villagers / military | 120 / 717 |
Focus
⚔️ 58.0% · 🌾 42.0%
Spearman ×497 · Composite Bowman ×115 · Skirmisher ×95 · Trebuchet (Packed) ×10 · Unknown (882) ×7
Feudal
12:37
Castle
19:54
Imperial
35:13
| APM avg | 35.0 |
| APM peak | 123 |
| eAPM avg | 31.0 |
| Villagers / military | 152 / 431 |
Focus
⚔️ 32.4% · 🌾 67.6%
Spearman ×237 · Mangonel ×183 · Trade Cart ×27 · Trebuchet (Packed) ×8 · Monk ×3
Feudal
12:50
Castle
16:41
Imperial
34:23
| APM avg | 32.0 |
| APM peak | 90 |
| eAPM avg | 15.0 |
| Villagers / military | 168 / 856 |
Focus
⚔️ 38.2% · 🌾 61.8%
Magyar Huszar ×631 · Cavalry Archer ×216 · Trade Cart ×25 · Fishing Ship ×21 · Trebuchet (Packed) ×9
Match map
Initial resources + every placement click. Lines = walls · curves = elevation contours. ◆ gold · ⬟ stone · ● berries · ✦ relic · ◌ wall gap
Your base· ✓ Closed at 19:32 · 0t walls · no gate
midenight6's base· ✓ Closed at 22:44 · 68t walls · no gate
aktaa_darwish's base· ✓ Closed at 20:29 · 10t walls · 1 gate(s)
TranceAddict95's base· ✓ Closed at 18:28 · 22t walls · no gate
Da G Un1t's base· ✓ Closed at 17:14 · 24t walls · no gate
TrueCrime's base· ✓ Closed at 25:42 · 16t walls · no gate
merdup's base· ✓ Closed at 19:54 · 10t walls · no gate
90_Archer's base· ✓ Closed at 16:41 · 12t walls · 1 gate(s)
Smoothed initial terrain · ◌ = detected wall gap · hover for details
Inputs per minute
— essen - - midenight6
Build order — essen
First 150 of 613 actions detected
| 0:01 | Create | Villager (Male) |
| 0:01 | Create | Villager (Male) |
| 0:02 | Create | Villager (Male) |
| 0:03 | Build | House |
| 0:04 | Build | House |
| 0:28 | Create | Villager (Male) |
| 2:05 | Create | Villager (Male) |
| 2:10 | Create | Villager (Male) |
| 2:29 | Create | Villager (Male) |
| 2:51 | Create | Villager (Male) |
| 3:29 | Create | Villager (Male) |
| 4:16 | Create | Villager (Male) |
| 4:16 | Create | Villager (Male) |
| 4:38 | Build | House |
| 4:43 | Create | Villager (Male) |
| 5:30 | Build | Lumber Camp |
| 5:35 | Create | Villager (Male) |
| 5:58 | Create | Villager (Male) |
| 5:59 | Create | Villager (Male) |
| 6:18 | Create | Villager (Male) |
| 6:42 | Build | House |
| 6:46 | Create | Villager (Male) |
| 7:07 | Build | Mill |
| 7:10 | Create | Villager (Male) |
| 7:49 | Create | Villager (Male) |
| 8:19 | Create | Villager (Male) |
| 8:56 | Research | Feudal Age |
| 9:26 | Build | Mill |
| 9:36 | Build | House |
| 9:37 | Build | House |
| 9:57 | Build | Mining Camp |
| 10:33 | Create | Villager (Male) |
| 10:34 | Create | Villager (Male) |
| 11:06 | Age | Feudal Age |
| 11:18 | Research | Double-Bit Axe |
| 11:21 | Research | Horse Collar |
| 11:24 | Create | Villager (Male) |
| 11:40 | Build | Market |
| 11:46 | Build | Blacksmith |
| 12:20 | Build | Mill |
| 12:29 | Create | Villager (Male) |
| 12:29 | Create | Villager (Male) |
| 12:30 | Create | Villager (Male) |
| 12:34 | Research | Wheelbarrow |
| 12:38 | Research | Loom |
| 12:40 | Create | Villager (Male) |
| 12:40 | Create | Villager (Male) |
| 15:09 | Build | House |
| 15:18 | Build | Farm |
| 15:20 | Build | Farm |
| 15:23 | Build | Farm |
| 15:24 | Build | Farm |
| 15:26 | Build | Farm |
| 15:28 | Build | Farm |
| 15:32 | Create | Villager (Male) |
| 15:33 | Create | Villager (Male) |
| 15:49 | Build | Farm |
| 16:06 | Build | Farm |
| 16:07 | Build | Farm |
| 16:40 | Build | Mining Camp |
| 16:52 | Research | Castle Age |
| 18:18 | Build | Barracks |
| 18:23 | Create | Villager (Male) |
| 18:23 | Create | Villager (Male) |
| 18:24 | Create | Villager (Male) |
| 19:32 | Age | Castle Age |
| 19:36 | Build | Town Center |
| 19:42 | Build | Monastery |
| 19:51 | Build | Town Center |
| 19:59 | Create | Villager (Male) |
| 20:28 | Create | Trade Cart |
| 20:34 | Create | Monk |
| 20:39 | Build | House |
| 20:40 | Build | House |
| 20:41 | Build | House |
| 20:42 | Build | House |
| 20:46 | Create | Villager (Male) |
| 21:25 | Build | Farm |
| 22:05 | Build | Farm |
| 22:06 | Research | Heavy Plow |
| 22:07 | Create | Villager (Male) |
| 22:08 | Create | Villager (Male) |
| 22:11 | Create | Villager (Male) |
| 22:12 | Create | Villager (Male) |
| 22:12 | Create | Villager (Male) |
| 22:24 | Create | Villager (Male) |
| 22:25 | Create | Villager (Male) |
| 22:25 | Create | Villager (Male) |
| 22:25 | Create | Villager (Male) |
| 22:59 | Create | Villager (Male) |
| 23:00 | Create | Villager (Male) |
| 23:00 | Create | Villager (Male) |
| 23:00 | Create | Villager (Male) |
| 23:20 | Build | Town Center |
| 23:23 | Create | Villager (Male) |
| 23:23 | Create | Villager (Male) |
| 23:23 | Create | Villager (Male) |
| 23:27 | Create | Villager (Male) |
| 23:29 | Create | Villager (Male) |
| 23:30 | Create | Villager (Male) |
| 23:30 | Create | Villager (Male) |
| 23:30 | Create | Villager (Male) |
| 23:45 | Build | Farm |
| 23:58 | Research | Bow Saw |
| 24:27 | Build | University |
| 24:32 | Build | Market |
| 24:33 | Create | Trade Cart |
| 24:40 | Build | Farm |
| 24:51 | Create | Villager (Male) |
| 24:54 | Create | Villager (Male) |
| 24:55 | Create | Villager (Male) |
| 24:55 | Create | Villager (Male) |
| 24:59 | Create | Villager (Male) |
| 24:59 | Create | Villager (Male) |
| 24:59 | Create | Villager (Male) |
| 25:11 | Build | Farm |
| 25:17 | Build | Farm |
| 25:22 | Create | Villager (Male) |
| 25:35 | Create | Trade Cart |
| 25:48 | Build | Farm |
| 25:50 | Build | House |
| 25:52 | Build | House |
| 25:54 | Build | House |
| 25:55 | Build | House |
| 25:58 | Create | Villager (Male) |
| 25:58 | Create | Villager (Male) |
| 25:59 | Create | Villager (Male) |
| 25:59 | Create | Villager (Male) |
| 26:00 | Create | Villager (Male) |
| 26:01 | Create | Villager (Male) |
| 26:05 | Create | Villager (Male) |
| 26:06 | Create | Villager (Male) |
| 26:06 | Create | Villager (Male) |
| 26:54 | Build | Archery Range |
| 27:04 | Build | Farm |
| 27:06 | Build | Farm |
| 27:23 | Create | Trade Cart |
| 27:23 | Create | Trade Cart |
| 27:23 | Create | Trade Cart |
| 27:25 | Research | Caravan |
| 27:29 | Research | Hand Cart |
| 27:31 | Create | Villager (Male) |
| 27:31 | Create | Villager (Male) |
| 27:32 | Create | Villager (Male) |
| 27:32 | Create | Villager (Male) |
| 27:41 | Create | Villager (Male) |
| 27:45 | Create | Villager (Male) |
| 27:45 | Create | Villager (Male) |
| 27:45 | Create | Villager (Male) |
| 27:48 | Build | Farm |
Build order — midenight6
First 150 of 489 actions detected
| 0:04 | Build | House |
| 0:05 | Build | House |
| 0:08 | Create | Villager (Male) |
| 0:09 | Research | Loom |
| 0:09 | Create | Villager (Male) ×3 |
| 0:09 | Create | Villager (Male) ×3 |
| 1:21 | Build | Palisade Wall |
| 1:26 | Build | Palisade Wall |
| 3:27 | Create | Villager (Male) |
| 3:27 | Create | Villager (Male) |
| 4:03 | Create | Villager (Male) |
| 4:03 | Create | Villager (Male) |
| 4:46 | Build | Palisade Wall |
| 4:54 | Create | Villager (Male) |
| 4:54 | Create | Villager (Male) |
| 4:56 | Create | Villager (Male) |
| 4:56 | Create | Villager (Male) |
| 6:19 | Create | Villager (Male) |
| 6:19 | Create | Villager (Male) |
| 6:37 | Create | Villager (Male) |
| 6:37 | Create | Villager (Male) |
| 6:37 | Create | Villager (Male) |
| 6:45 | Build | House |
| 7:51 | Build | Mill |
| 8:06 | Create | Villager (Male) |
| 8:06 | Create | Villager (Male) |
| 8:33 | Create | Villager (Male) |
| 8:59 | Build | Lumber Camp |
| 9:17 | Build | House |
| 9:19 | Build | House |
| 9:27 | Create | Villager (Male) |
| 9:27 | Create | Villager (Male) |
| 10:00 | Create | Villager (Male) |
| 10:00 | Create | Villager (Male) |
| 10:01 | Create | Villager (Male) |
| 10:21 | Build | Palisade Wall |
| 10:46 | Create | Villager (Male) |
| 10:46 | Create | Villager (Male) |
| 10:50 | Build | Mill |
| 11:06 | Create | Villager (Male) ×2 |
| 12:03 | Create | Villager (Male) |
| 12:20 | Build | House |
| 12:20 | Build | House |
| 12:20 | Build | House |
| 12:21 | Build | House |
| 12:21 | Build | House |
| 12:21 | Build | House |
| 12:22 | Build | House |
| 12:22 | Build | House |
| 12:22 | Build | House |
| 12:22 | Build | House |
| 12:23 | Build | House |
| 12:37 | Build | Dock |
| 12:52 | Create | Villager (Male) |
| 12:52 | Create | Villager (Male) |
| 13:08 | Build | Palisade Wall |
| 13:13 | Create | Villager (Male) |
| 13:23 | Build | Mining Camp |
| 13:28 | Create | Villager (Male) |
| 13:28 | Create | Villager (Male) |
| 14:51 | Build | Palisade Wall |
| 14:58 | Create | Villager (Male) |
| 14:59 | Create | Villager (Male) |
| 15:09 | Build | Mill |
| 15:26 | Create | Villager (Male) |
| 15:38 | Create | Fishing Ship |
| 15:38 | Create | Fishing Ship |
| 16:11 | Research | Feudal Age |
| 16:44 | Build | Mill |
| 17:04 | Build | Mining Camp |
| 17:13 | Create | Villager (Male) |
| 17:14 | Create | Villager (Male) |
| 18:23 | Age | Feudal Age |
| 18:31 | Build | Market |
| 18:38 | Create | Villager (Male) |
| 18:53 | Build | Farm |
| 19:08 | Build | Blacksmith |
| 19:17 | Build | Farm |
| 19:39 | Build | Mining Camp |
| 19:53 | Build | Stone Wall |
| 20:04 | Research | Castle Age |
| 20:05 | Create | Villager (Male) |
| 20:06 | Create | Villager (Male) |
| 22:03 | Create | Villager (Male) |
| 22:44 | Age | Castle Age |
| 22:57 | Build | Town Center |
| 23:15 | Build | Town Center |
| 23:20 | Build | Farm |
| 23:23 | Create | Villager (Male) |
| 23:39 | Build | Farm |
| 23:52 | Build | University |
| 23:56 | Build | Monastery |
| 24:24 | Create | Villager (Male) |
| 24:25 | Create | Villager (Male) |
| 24:29 | Build | Farm |
| 24:46 | Research | Double-Bit Axe |
| 24:54 | Build | Farm |
| 25:12 | Create | Monk |
| 25:12 | Create | Monk |
| 25:21 | Build | Farm |
| 25:25 | Create | Villager (Male) |
| 25:25 | Create | Villager (Male) |
| 25:30 | Build | Farm |
| 25:35 | Create | Villager (Male) ×5 |
| 25:53 | Build | Farm |
| 26:08 | Create | Villager (Male) |
| 26:29 | Build | Castle |
| 27:22 | Build | Stone Wall |
| 27:34 | Build | Farm |
| 27:35 | Build | Farm |
| 28:08 | Research | Imperial Age |
| 28:08 | Research | Imperial Age |
| 28:31 | Build | Siege Workshop |
| 28:32 | Build | Siege Workshop |
| 29:35 | Build | Gate |
| 29:57 | Create | Villager (Male) ×5 |
| 30:02 | Create | Villager (Male) ×2 |
| 30:10 | Build | Farm |
| 30:11 | Build | Farm |
| 30:12 | Build | Farm |
| 30:22 | Build | Farm |
| 30:24 | Create | Villager (Male) |
| 30:25 | Create | Villager (Male) |
| 30:25 | Create | Villager (Male) |
| 30:44 | Build | Gate |
| 30:55 | Build | Gate |
| 31:18 | Age | Imperial Age |
| 31:19 | Create | Trebuchet (Packed) |
| 31:19 | Create | Trebuchet (Packed) |
| 31:29 | Research | Fortified Wall (upgrade) |
| 31:34 | Create | Villager (Male) |
| 32:03 | Build | Fish Trap |
| 32:07 | Build | Fish Trap |
| 32:09 | Create | Fishing Ship ×5 |
| 32:11 | Research | Tech 906 |
| 32:18 | Build | Farm |
| 32:19 | Build | Farm |
| 32:25 | Research | Forging |
| 32:27 | Create | Villager (Male) |
| 32:28 | Create | Villager (Male) |
| 32:28 | Create | Villager (Male) |
| 32:35 | Build | Farm |
| 32:36 | Build | Farm |
| 32:37 | Build | Farm |
| 32:48 | Create | Mangonel |
| 32:59 | Build | Barracks |
| 33:11 | Build | House |
| 33:11 | Build | House |
| 33:13 | Build | House |
| 33:14 | Build | House |
Build order — aktaa_darwish
First 150 of 445 actions detected
| 0:04 | Create | Villager (Male) |
| 0:04 | Research | Loom |
| 0:05 | Create | Villager (Male) ×3 |
| 0:19 | Build | House |
| 1:27 | Build | House |
| 1:29 | Build | House |
| 1:30 | Build | House |
| 2:15 | Create | Villager (Male) |
| 2:48 | Create | Villager (Male) |
| 2:57 | Build | House |
| 2:59 | Build | House |
| 3:00 | Build | House |
| 3:02 | Build | House |
| 3:05 | Create | Villager (Male) |
| 4:05 | Create | Villager (Male) |
| 4:05 | Create | Villager (Male) |
| 4:36 | Create | Villager (Male) |
| 5:13 | Create | Villager (Male) |
| 5:13 | Create | Villager (Male) |
| 5:51 | Create | Villager (Male) |
| 5:51 | Create | Villager (Male) |
| 6:35 | Create | Villager (Male) |
| 6:35 | Create | Villager (Male) |
| 7:36 | Create | Villager (Male) |
| 7:51 | Build | Lumber Camp |
| 8:14 | Create | Villager (Male) |
| 8:15 | Create | Villager (Male) |
| 8:46 | Create | Villager (Male) |
| 9:00 | Build | Mill |
| 9:18 | Create | Villager (Male) |
| 9:45 | Create | Villager (Male) |
| 10:24 | Create | Villager (Male) |
| 11:02 | Build | Dock |
| 11:20 | Research | Feudal Age |
| 11:40 | Create | Fishing Ship |
| 11:40 | Create | Fishing Ship |
| 11:41 | Create | Fishing Ship |
| 12:02 | Build | Mining Camp |
| 12:12 | Create | Villager (Male) |
| 12:13 | Create | Villager (Male) |
| 12:21 | Create | Fishing Ship |
| 12:27 | Create | Fishing Ship |
| 13:03 | Create | Villager (Male) |
| 13:30 | Age | Feudal Age |
| 13:40 | Create | Villager (Male) |
| 14:31 | Build | Farm |
| 14:33 | Build | Farm |
| 14:34 | Build | Farm |
| 14:35 | Build | Farm |
| 14:37 | Build | Farm |
| 14:38 | Build | Farm |
| 14:40 | Build | Farm |
| 14:42 | Build | Farm |
| 15:04 | Create | Villager (Male) |
| 15:20 | Build | Farm |
| 15:21 | Build | Farm |
| 15:23 | Build | Farm |
| 15:24 | Build | Farm |
| 15:29 | Create | Villager (Male) |
| 15:50 | Build | Market |
| 16:03 | Build | Stone Wall |
| 16:13 | Build | Gate |
| 16:29 | Build | Blacksmith |
| 16:31 | Create | Villager (Male) |
| 16:32 | Create | Villager (Male) |
| 17:02 | Build | Stone Wall |
| 17:18 | Build | Mining Camp |
| 17:49 | Research | Castle Age |
| 17:59 | Build | Fish Trap |
| 18:11 | Build | Fish Trap |
| 18:18 | Research | Double-Bit Axe |
| 18:22 | Create | Villager (Male) |
| 18:22 | Create | Villager (Male) |
| 18:54 | Research | Stone Mining |
| 19:06 | Research | Horse Collar |
| 20:10 | Build | House |
| 20:12 | Build | House |
| 20:14 | Build | House |
| 20:15 | Build | House |
| 20:21 | Create | Villager (Male) |
| 20:22 | Create | Villager (Male) |
| 20:29 | Age | Castle Age |
| 20:51 | Build | Town Center |
| 21:04 | Create | Villager (Male) |
| 21:29 | Create | Villager (Male) |
| 21:39 | Create | Villager (Male) ×5 |
| 21:51 | Build | Farm |
| 21:54 | Create | Villager (Male) |
| 22:13 | Create | Villager (Male) |
| 22:20 | Build | Fish Trap |
| 22:30 | Build | Fish Trap |
| 22:53 | Build | Fish Trap |
| 23:06 | Build | Castle |
| 23:20 | Create | Villager (Male) ×5 |
| 23:43 | Create | Fishing Ship |
| 23:43 | Create | Fishing Ship |
| 23:43 | Create | Fishing Ship |
| 23:56 | Create | Villager (Male) ×5 |
| 24:03 | Research | Heavy Plow |
| 24:07 | Research | Bow Saw |
| 24:28 | Build | House |
| 24:29 | Build | House |
| 24:30 | Build | House |
| 24:52 | Build | Barracks |
| 25:04 | Build | Farm |
| 25:06 | Build | Farm |
| 25:10 | Create | Villager (Male) ×5 |
| 25:31 | Build | Farm |
| 26:17 | Build | Town Center |
| 26:32 | Build | Town Center |
| 26:39 | Create | Villager (Male) ×5 |
| 26:53 | Build | Farm |
| 27:05 | Build | Fish Trap |
| 27:16 | Build | Fish Trap |
| 27:22 | Build | Fish Trap |
| 27:34 | Create | Villager (Male) ×5 |
| 27:52 | Build | House |
| 27:53 | Build | House |
| 27:55 | Build | House |
| 28:05 | Build | Stable |
| 28:16 | Build | Mill |
| 28:23 | Create | Villager (Male) |
| 28:23 | Create | Villager (Male) |
| 28:40 | Build | Siege Workshop |
| 28:53 | Create | Villager (Male) ×5 |
| 29:07 | Research | Corvinian Army |
| 29:12 | Research | Bloodlines |
| 29:12 | Research | Husbandry |
| 29:25 | Build | Barracks |
| 29:26 | Build | Barracks |
| 29:34 | Build | Farm |
| 29:35 | Build | Farm |
| 29:36 | Build | Farm |
| 29:37 | Build | Farm |
| 29:53 | Build | Farm |
| 29:54 | Build | Farm |
| 29:57 | Build | Farm |
| 30:08 | Build | Farm |
| 30:20 | Create | Magyar Huszar ×5 |
| 30:29 | Research | Man-at-Arms (upgrade) |
| 30:32 | Create | Militia ×5 |
| 30:38 | Build | Mining Camp |
| 30:59 | Build | House |
| 31:00 | Build | House |
| 31:04 | Build | House |
| 31:05 | Build | House |
| 31:06 | Build | House |
| 31:07 | Build | House |
| 31:13 | Create | Villager (Male) ×5 |
| 31:16 | Create | Villager (Male) ×5 |
Build order — TranceAddict95
First 150 of 673 actions detected
| 0:02 | Create | Villager (Male) |
| 0:02 | Create | Villager (Male) |
| 0:02 | Create | Villager (Male) |
| 0:04 | Build | House |
| 0:06 | Build | House |
| 0:20 | Research | Loom |
| 0:28 | Create | Villager (Male) |
| 0:56 | Create | Villager (Male) |
| 0:57 | Create | Villager (Male) |
| 2:08 | Create | Villager (Male) |
| 2:36 | Create | Villager (Male) |
| 2:36 | Create | Villager (Male) |
| 2:47 | Build | Lumber Camp |
| 3:36 | Create | Villager (Male) |
| 3:36 | Create | Villager (Male) |
| 4:32 | Create | Villager (Male) |
| 4:33 | Create | Villager (Male) |
| 4:33 | Create | Villager (Male) |
| 5:04 | Create | Villager (Male) |
| 5:05 | Create | Villager (Male) |
| 5:51 | Create | Villager (Male) |
| 5:51 | Create | Villager (Male) |
| 5:51 | Create | Villager (Male) |
| 6:35 | Build | Mill |
| 6:38 | Build | House |
| 7:09 | Build | Palisade Wall |
| 7:13 | Create | Villager (Male) |
| 7:13 | Create | Villager (Male) |
| 7:55 | Create | Villager (Male) |
| 8:31 | Create | Villager (Male) |
| 8:32 | Create | Villager (Male) |
| 9:01 | Build | House |
| 9:12 | Create | Villager (Male) |
| 9:34 | Create | Villager (Male) |
| 10:11 | Create | Villager (Male) |
| 10:19 | Build | Mining Camp |
| 11:02 | Research | Feudal Age |
| 11:33 | Build | Farm |
| 11:44 | Build | Farm |
| 11:49 | Build | Farm |
| 11:56 | Build | Farm |
| 12:06 | Create | Villager (Male) |
| 12:51 | Build | House |
| 13:00 | Build | Barracks |
| 13:07 | Build | House |
| 13:12 | Age | Feudal Age |
| 13:14 | Create | Villager (Male) |
| 13:27 | Build | Blacksmith |
| 13:52 | Create | Villager (Male) |
| 14:25 | Build | Market |
| 14:30 | Create | Villager (Male) |
| 14:47 | Build | House |
| 15:03 | Create | Villager (Male) |
| 15:04 | Build | Farm |
| 15:38 | Build | Farm |
| 15:48 | Research | Castle Age |
| 15:49 | Research | Castle Age |
| 15:58 | Build | Mining Camp |
| 16:11 | Build | Farm |
| 16:24 | Research | Double-Bit Axe |
| 16:24 | Research | Double-Bit Axe |
| 16:41 | Research | Horse Collar |
| 18:07 | Build | Stable |
| 18:15 | Research | Stone Mining |
| 18:20 | Create | Villager (Male) |
| 18:20 | Create | Villager (Male) |
| 18:28 | Age | Castle Age |
| 18:35 | Research | Squires |
| 18:39 | Research | Forging |
| 18:42 | Research | Scale Mail Armor |
| 19:14 | Build | Town Center |
| 19:18 | Create | Villager (Male) |
| 19:22 | Build | Farm |
| 19:30 | Build | House |
| 19:39 | Create | Knight |
| 19:39 | Create | Knight |
| 19:45 | Research | Husbandry |
| 19:47 | Create | Villager (Male) |
| 19:47 | Create | Villager (Male) |
| 20:11 | Create | Villager (Male) |
| 20:11 | Create | Villager (Male) |
| 20:14 | Build | Farm |
| 20:24 | Build | House |
| 20:34 | Create | Villager (Male) |
| 20:34 | Create | Villager (Male) |
| 20:34 | Create | Villager (Male) |
| 20:38 | Build | Farm |
| 20:39 | Build | Farm |
| 20:41 | Create | Villager (Male) |
| 20:41 | Create | Villager (Male) |
| 20:42 | Create | Villager (Male) |
| 21:06 | Create | Knight |
| 21:11 | Build | Farm |
| 21:18 | Build | Farm |
| 21:42 | Create | Villager (Male) |
| 21:42 | Create | Villager (Male) |
| 21:42 | Create | Villager (Male) |
| 21:52 | Build | Farm |
| 21:55 | Create | Villager (Male) |
| 21:55 | Create | Villager (Male) |
| 22:01 | Create | Villager (Male) |
| 22:01 | Create | Villager (Male) |
| 22:02 | Create | Villager (Male) |
| 22:06 | Build | Farm |
| 22:14 | Build | Lumber Camp |
| 22:18 | Build | Farm |
| 22:36 | Build | Castle |
| 22:47 | Build | Farm |
| 22:48 | Create | Villager (Male) |
| 22:48 | Create | Villager (Male) |
| 22:49 | Create | Villager (Male) |
| 22:49 | Create | Villager (Male) |
| 22:49 | Create | Villager (Male) |
| 23:17 | Research | Bow Saw |
| 23:18 | Research | Bow Saw |
| 23:24 | Build | Farm |
| 24:01 | Build | Siege Workshop |
| 24:22 | Build | Farm |
| 24:24 | Create | Villager (Male) |
| 24:25 | Create | Villager (Male) |
| 24:25 | Create | Villager (Male) |
| 24:25 | Create | Villager (Male) |
| 24:25 | Create | Villager (Male) |
| 24:25 | Create | Villager (Male) |
| 24:26 | Create | Villager (Male) |
| 24:33 | Build | Farm |
| 24:40 | Build | Farm |
| 24:54 | Create | Scorpion |
| 24:59 | Build | House |
| 25:01 | Create | Centurion |
| 25:11 | Build | Mining Camp |
| 25:19 | Create | Villager (Male) |
| 25:20 | Create | Villager (Male) |
| 25:21 | Create | Villager (Male) |
| 25:21 | Create | Villager (Male) |
| 25:22 | Create | Villager (Male) |
| 25:27 | Build | Farm |
| 25:49 | Create | Villager (Male) |
| 25:49 | Create | Villager (Male) |
| 26:01 | Build | Stable |
| 26:05 | Research | Man-at-Arms (upgrade) |
| 26:07 | Create | Villager (Male) |
| 26:07 | Create | Villager (Male) |
| 26:19 | Research | Town Watch |
| 26:32 | Build | Town Center |
| 26:42 | Create | Villager (Male) |
| 27:19 | Research | Scale Barding Armor |
| 27:20 | Research | Fletching |
| 27:25 | Create | Centurion |
| 27:32 | Create | Battering Ram |
Build order — Da G Un1t
First 150 of 731 actions detected
| 0:06 | Build | House |
| 0:08 | Build | House |
| 0:10 | Research | Loom |
| 0:23 | Create | Villager (Male) ×4 |
| 0:34 | Build | Palisade Wall |
| 3:01 | Create | Villager (Male) |
| 3:36 | Create | Villager (Male) |
| 3:45 | Create | Villager (Male) |
| 4:11 | Build | Mill |
| 4:42 | Create | Villager (Male) |
| 4:42 | Create | Villager (Male) |
| 4:43 | Create | Villager (Male) |
| 5:17 | Build | House |
| 5:20 | Build | House |
| 5:27 | Create | Villager (Male) |
| 5:28 | Create | Villager (Male) |
| 5:28 | Create | Villager (Male) |
| 5:53 | Create | Villager (Male) |
| 5:53 | Create | Villager (Male) |
| 5:58 | Create | Villager (Male) |
| 5:58 | Create | Villager (Male) |
| 6:30 | Create | Villager (Male) |
| 6:30 | Create | Villager (Male) |
| 6:34 | Create | Villager (Male) |
| 7:00 | Create | Villager (Male) |
| 7:21 | Build | Mining Camp |
| 8:16 | Create | Villager (Male) |
| 8:17 | Create | Villager (Male) |
| 9:00 | Create | Villager (Male) |
| 9:20 | Build | Dock |
| 9:38 | Build | Lumber Camp |
| 9:41 | Create | Villager (Male) |
| 9:42 | Create | Villager (Male) |
| 10:03 | Build | House |
| 10:06 | Build | House |
| 10:22 | Create | Fishing Ship |
| 10:43 | Build | Mill |
| 11:06 | Create | Fishing Ship |
| 11:30 | Create | Villager (Male) |
| 11:52 | Research | Feudal Age |
| 12:02 | Build | Mining Camp |
| 12:10 | Create | Fishing Ship |
| 13:31 | Create | Villager (Male) ×5 |
| 14:06 | Research | Double-Bit Axe |
| 14:16 | Build | Stone Wall |
| 14:52 | Build | Blacksmith |
| 15:08 | Build | Market |
| 15:46 | Create | Villager (Male) |
| 16:00 | Build | Farm |
| 16:00 | Build | Farm |
| 16:00 | Build | Farm |
| 16:01 | Build | Farm |
| 16:02 | Build | Farm |
| 16:02 | Build | Farm |
| 16:02 | Build | Farm |
| 16:03 | Build | Farm |
| 16:10 | Research | Horse Collar |
| 16:37 | Build | Farm |
| 16:37 | Build | Farm |
| 16:37 | Build | Farm |
| 16:37 | Build | Farm |
| 16:38 | Build | Farm |
| 16:38 | Build | Farm |
| 16:38 | Build | Farm |
| 16:39 | Build | Farm |
| 16:51 | Build | Barracks |
| 17:05 | Build | Farm |
| 17:06 | Build | Farm |
| 17:06 | Build | Farm |
| 17:14 | Research | Castle Age |
| 17:31 | Build | House |
| 17:34 | Build | House |
| 17:36 | Build | House |
| 17:48 | Create | Spearman |
| 18:30 | Create | Villager (Male) ×5 |
| 18:54 | Build | Barracks |
| 19:00 | Build | Archery Range |
| 19:55 | Research | Heavy Plow |
| 19:59 | Research | Bow Saw |
| 20:12 | Build | Town Center |
| 20:55 | Build | Town Center |
| 21:00 | Create | Villager (Male) |
| 21:09 | Create | Spearman |
| 21:10 | Create | Spearman |
| 21:24 | Create | Trade Cart |
| 21:39 | Create | Villager (Male) |
| 21:49 | Build | Fish Trap |
| 21:53 | Build | Fish Trap |
| 21:54 | Build | Fish Trap |
| 21:58 | Create | Villager (Male) ×5 |
| 22:18 | Create | Villager (Male) |
| 22:18 | Create | Villager (Male) |
| 22:25 | Build | Fish Trap |
| 22:29 | Create | Trade Cart |
| 22:42 | Build | Farm |
| 22:59 | Build | Farm |
| 23:03 | Create | Villager (Male) ×5 |
| 23:20 | Build | Farm |
| 23:27 | Create | Villager (Male) |
| 23:27 | Create | Villager (Male) |
| 23:40 | Build | Farm |
| 23:45 | Create | Villager (Male) |
| 23:46 | Create | Villager (Male) |
| 23:55 | Build | House |
| 24:07 | Build | Farm |
| 24:15 | Build | Farm |
| 24:39 | Build | Mill |
| 24:40 | Build | Farm |
| 24:57 | Create | Villager (Male) |
| 24:57 | Create | Villager (Male) |
| 24:58 | Create | Villager (Male) |
| 24:58 | Create | Villager (Male) |
| 24:58 | Create | Villager (Male) |
| 24:59 | Create | Villager (Male) |
| 25:02 | Research | Scale Mail Armor |
| 25:03 | Research | Forging |
| 25:15 | Research | Pikeman (upgrade) |
| 25:20 | Build | Archery Range |
| 25:24 | Build | Archery Range |
| 25:28 | Build | Archery Range |
| 25:52 | Build | Barracks |
| 25:57 | Build | Barracks |
| 26:22 | Build | House |
| 26:24 | Build | House |
| 26:25 | Build | House |
| 26:28 | Build | House |
| 26:29 | Build | House |
| 26:32 | Build | House |
| 26:39 | Build | Monastery |
| 26:44 | Research | Iron Casting |
| 26:44 | Research | Chain Mail Armor |
| 27:07 | Create | Villager (Male) |
| 27:07 | Create | Villager (Male) |
| 27:08 | Create | Villager (Male) |
| 27:11 | Create | Trade Cart |
| 27:11 | Create | Trade Cart |
| 27:29 | Research | Wheelbarrow |
| 27:41 | Build | Farm |
| 27:44 | Create | Villager (Male) |
| 27:44 | Create | Villager (Male) |
| 27:44 | Create | Villager (Male) |
| 28:13 | Create | Villager (Male) |
| 28:14 | Create | Villager (Male) |
| 28:14 | Create | Villager (Male) |
| 28:17 | Create | Trade Cart |
| 28:41 | Build | Farm |
| 28:46 | Create | Villager (Male) |
| 28:46 | Create | Villager (Male) |
| 28:47 | Create | Villager (Male) |
| 28:50 | Create | Spearman ×5 |
Build order — TrueCrime
First 150 of 774 actions detected
| 0:04 | Research | Loom |
| 0:04 | Create | Villager (Male) |
| 0:05 | Create | Villager (Male) |
| 0:05 | Create | Villager (Male) |
| 0:05 | Create | Villager (Male) |
| 0:11 | Build | House |
| 0:12 | Build | House |
| 2:06 | Build | Palisade Wall |
| 2:41 | Create | Villager (Male) |
| 2:56 | Build | Mule Cart |
| 3:52 | Create | Villager (Male) |
| 3:54 | Create | Villager (Male) |
| 4:28 | Create | Villager (Male) |
| 4:42 | Build | House |
| 4:57 | Create | Villager (Male) |
| 5:22 | Build | House |
| 5:27 | Create | Villager (Male) |
| 5:50 | Build | House |
| 5:55 | Create | Villager (Male) |
| 5:55 | Create | Villager (Male) |
| 6:23 | Create | Villager (Male) |
| 6:44 | Create | Villager (Male) |
| 7:41 | Create | Villager (Male) |
| 8:07 | Build | Mill |
| 8:52 | Create | Villager (Male) |
| 8:52 | Create | Villager (Male) |
| 8:52 | Create | Villager (Male) |
| 8:53 | Create | Villager (Male) |
| 9:19 | Build | House |
| 9:32 | Build | Mill |
| 9:56 | Create | Villager (Male) |
| 10:46 | Build | Mule Cart |
| 10:52 | Research | Feudal Age |
| 13:07 | Age | Feudal Age |
| 13:11 | Build | Watch Tower |
| 13:17 | Create | Villager (Male) |
| 13:17 | Create | Villager (Male) |
| 13:18 | Create | Villager (Male) |
| 13:18 | Create | Villager (Male) |
| 13:18 | Create | Villager (Male) |
| 13:18 | Create | Villager (Male) |
| 13:19 | Create | Villager (Male) |
| 13:45 | Build | Mule Cart |
| 13:49 | Build | Farm |
| 14:12 | Build | Farm |
| 15:04 | Build | Farm |
| 15:14 | Build | House |
| 15:20 | Build | Farm |
| 15:33 | Build | Farm |
| 15:45 | Build | Stone Wall |
| 15:56 | Build | Farm |
| 15:58 | Create | Villager (Male) |
| 15:58 | Create | Villager (Male) |
| 16:16 | Build | Market |
| 16:38 | Build | Stone Wall |
| 16:56 | Build | House |
| 17:00 | Create | Villager (Male) |
| 17:01 | Create | Villager (Male) |
| 17:12 | Research | Horse Collar |
| 17:15 | Research | Double-Bit Axe |
| 17:16 | Research | Gold Mining |
| 18:02 | Create | Villager (Male) |
| 18:02 | Create | Villager (Male) |
| 18:02 | Create | Villager (Male) |
| 18:29 | Build | Mill |
| 18:36 | Build | House |
| 18:40 | Create | Villager (Male) |
| 18:40 | Create | Villager (Male) |
| 19:08 | Build | House |
| 19:09 | Build | House |
| 19:39 | Create | Villager (Male) |
| 19:40 | Create | Villager (Male) |
| 20:17 | Build | Farm |
| 20:23 | Create | Villager (Male) |
| 20:44 | Build | Mule Cart |
| 21:15 | Create | Villager (Male) |
| 21:38 | Build | Blacksmith |
| 21:41 | Create | Villager (Male) |
| 22:12 | Create | Villager (Male) |
| 22:29 | Build | House |
| 22:33 | Create | Villager (Male) |
| 22:39 | Research | Castle Age |
| 22:46 | Build | Barracks |
| 23:05 | Build | Farm |
| 23:06 | Build | Farm |
| 23:07 | Build | Farm |
| 23:08 | Build | Farm |
| 23:10 | Build | Farm |
| 23:12 | Build | Farm |
| 23:13 | Build | Farm |
| 23:20 | Build | House |
| 23:21 | Build | House |
| 23:22 | Build | House |
| 23:23 | Build | House |
| 23:46 | Research | Stone Mining |
| 23:48 | Research | Wheelbarrow |
| 24:32 | Build | Farm |
| 24:51 | Build | Archery Range |
| 25:24 | Build | House |
| 25:25 | Build | House |
| 25:26 | Build | House |
| 25:27 | Build | House |
| 25:28 | Build | House |
| 25:42 | Age | Castle Age |
| 25:49 | Build | Town Center |
| 25:55 | Build | Town Center |
| 26:05 | Build | Town Center |
| 26:21 | Build | Archery Range |
| 26:58 | Create | Villager (Male) |
| 26:58 | Create | Villager (Male) |
| 26:59 | Create | Villager (Male) |
| 26:59 | Create | Villager (Male) |
| 26:59 | Create | Villager (Male) |
| 26:59 | Create | Villager (Male) |
| 26:59 | Create | Villager (Male) |
| 27:00 | Create | Villager (Male) |
| 27:00 | Create | Villager (Male) |
| 27:00 | Create | Villager (Male) |
| 27:00 | Create | Villager (Male) |
| 27:01 | Create | Villager (Male) |
| 27:01 | Create | Villager (Male) |
| 27:01 | Create | Villager (Male) |
| 27:02 | Create | Villager (Male) |
| 27:27 | Build | Archery Range |
| 27:33 | Build | Farm |
| 27:38 | Build | Farm |
| 27:45 | Create | Villager (Male) |
| 27:45 | Create | Villager (Male) |
| 27:46 | Create | Villager (Male) |
| 27:54 | Build | Farm |
| 27:59 | Build | Farm |
| 28:04 | Create | Villager (Male) |
| 28:04 | Create | Villager (Male) |
| 28:04 | Create | Villager (Male) |
| 28:14 | Build | Castle |
| 28:21 | Build | Farm |
| 28:28 | Build | Farm |
| 28:33 | Create | Villager (Male) |
| 28:33 | Create | Villager (Male) |
| 28:34 | Create | Villager (Male) |
| 28:52 | Build | Archery Range |
| 28:57 | Build | Farm |
| 29:04 | Build | Farm |
| 29:07 | Create | Villager (Male) |
| 29:07 | Create | Villager (Male) |
| 29:07 | Create | Villager (Male) |
| 29:07 | Create | Villager (Male) |
| 29:12 | Build | Farm |
| 29:19 | Build | Farm |
| 29:24 | Create | Villager (Male) |
Build order — merdup
First 150 of 757 actions detected
| 0:01 | Create | Villager (Male) |
| 0:01 | Create | Villager (Male) |
| 0:01 | Create | Villager (Male) |
| 0:01 | Create | Villager (Male) |
| 0:02 | Create | Villager (Male) |
| 0:03 | Build | House |
| 0:04 | Build | House |
| 0:06 | Build | House |
| 0:21 | Research | Loom |
| 1:34 | Build | Mill |
| 1:58 | Create | Villager (Male) |
| 1:59 | Create | Villager (Male) |
| 2:10 | Create | Villager (Male) |
| 2:41 | Create | Villager (Male) |
| 2:42 | Create | Villager (Male) |
| 3:08 | Create | Villager (Male) |
| 3:08 | Create | Villager (Male) |
| 3:24 | Create | Villager (Male) |
| 3:24 | Create | Villager (Male) |
| 3:36 | Create | Villager (Male) |
| 3:36 | Create | Villager (Male) |
| 4:33 | Create | Villager (Male) |
| 4:33 | Create | Villager (Male) |
| 4:34 | Create | Villager (Male) |
| 4:34 | Create | Villager (Male) |
| 5:14 | Create | Villager (Male) |
| 5:14 | Create | Villager (Male) |
| 5:51 | Create | Villager (Male) |
| 5:52 | Create | Villager (Male) |
| 5:52 | Create | Villager (Male) |
| 5:53 | Create | Villager (Male) |
| 5:56 | Build | House |
| 5:57 | Build | House |
| 6:06 | Build | House |
| 6:25 | Create | Villager (Male) |
| 6:30 | Create | Villager (Male) |
| 6:57 | Create | Villager (Male) |
| 7:00 | Create | Villager (Male) |
| 7:08 | Build | Lumber Camp |
| 8:25 | Build | Mining Camp |
| 8:35 | Create | Villager (Male) |
| 8:35 | Create | Villager (Male) |
| 8:51 | Build | Mining Camp |
| 10:18 | Research | Feudal Age |
| 11:11 | Build | House |
| 11:12 | Build | House |
| 11:14 | Build | House |
| 12:37 | Create | Villager (Male) |
| 12:37 | Create | Villager (Male) |
| 12:37 | Create | Villager (Male) |
| 12:37 | Create | Villager (Male) |
| 12:37 | Age | Feudal Age |
| 12:38 | Create | Villager (Male) |
| 12:38 | Create | Villager (Male) |
| 12:38 | Create | Villager (Male) |
| 12:38 | Create | Villager (Male) |
| 12:52 | Build | Market |
| 12:56 | Build | Blacksmith |
| 14:51 | Build | Farm |
| 14:57 | Build | Farm |
| 15:00 | Build | Farm |
| 15:23 | Build | Farm |
| 15:27 | Build | Farm |
| 15:31 | Build | Farm |
| 15:39 | Create | Villager (Male) |
| 16:00 | Build | Farm |
| 16:03 | Create | Villager (Male) |
| 16:26 | Build | Farm |
| 16:48 | Create | Villager (Male) |
| 16:50 | Build | Farm |
| 17:14 | Research | Castle Age |
| 17:18 | Build | Farm |
| 17:21 | Build | Farm |
| 17:24 | Build | Farm |
| 17:59 | Research | Horse Collar |
| 18:29 | Build | Stone Wall |
| 19:28 | Build | Farm |
| 19:38 | Create | Villager (Male) |
| 19:39 | Create | Villager (Male) |
| 19:39 | Create | Villager (Male) |
| 19:39 | Create | Villager (Male) |
| 19:40 | Create | Villager (Male) |
| 19:40 | Create | Villager (Male) |
| 19:40 | Create | Villager (Male) |
| 19:54 | Age | Castle Age |
| 19:58 | Build | Town Center |
| 20:04 | Build | Town Center |
| 20:12 | Build | Town Center |
| 20:18 | Research | Double-Bit Axe |
| 20:22 | Build | Farm |
| 20:35 | Create | Villager (Male) |
| 20:39 | Build | Farm |
| 20:53 | Create | Trade Cart |
| 20:53 | Create | Trade Cart |
| 21:01 | Build | Monastery |
| 21:29 | Create | Trade Cart |
| 21:30 | Create | Villager (Male) |
| 21:31 | Create | Villager (Male) |
| 21:31 | Create | Villager (Male) |
| 21:31 | Create | Villager (Male) |
| 21:31 | Create | Villager (Male) |
| 21:35 | Create | Villager (Male) |
| 21:35 | Create | Villager (Male) |
| 21:35 | Create | Villager (Male) |
| 21:36 | Create | Villager (Male) |
| 21:36 | Create | Villager (Male) |
| 21:36 | Create | Villager (Male) |
| 21:40 | Build | Farm |
| 21:50 | Create | Monk |
| 21:50 | Create | Monk |
| 21:54 | Build | Farm |
| 22:00 | Create | Villager (Male) |
| 22:00 | Create | Villager (Male) |
| 22:00 | Create | Villager (Male) |
| 22:01 | Create | Villager (Male) |
| 22:05 | Build | Farm |
| 22:07 | Build | Farm |
| 22:09 | Build | Farm |
| 22:11 | Build | Farm |
| 22:20 | Build | House |
| 22:26 | Build | House |
| 22:31 | Build | House |
| 22:39 | Build | House |
| 22:56 | Create | Monk |
| 22:57 | Create | Villager (Male) |
| 22:58 | Create | Villager (Male) |
| 22:59 | Create | Villager (Male) |
| 23:00 | Create | Villager (Male) |
| 23:01 | Create | Villager (Male) |
| 23:02 | Create | Villager (Male) |
| 23:14 | Build | House |
| 23:19 | Build | House |
| 23:22 | Build | House |
| 23:24 | Build | House |
| 23:26 | Create | Villager (Male) |
| 23:28 | Create | Villager (Male) |
| 23:28 | Create | Villager (Male) |
| 23:29 | Create | Villager (Male) |
| 23:29 | Create | Villager (Male) |
| 23:32 | Create | Villager (Male) |
| 23:35 | Create | Trade Cart |
| 23:36 | Create | Trade Cart |
| 23:36 | Create | Trade Cart |
| 23:47 | Build | Farm |
| 24:07 | Create | Villager (Male) |
| 24:07 | Create | Villager (Male) |
| 24:09 | Create | Villager (Male) |
| 24:11 | Create | Villager (Male) |
| 24:11 | Create | Villager (Male) |
| 24:15 | Create | Villager (Male) |
Build order — 90_Archer
First 150 of 591 actions detected
| 0:04 | Build | House |
| 0:07 | Build | House |
| 0:08 | Create | Villager (Male) |
| 0:08 | Create | Villager (Male) |
| 0:08 | Create | Villager (Male) |
| 0:09 | Create | Villager (Male) |
| 0:09 | Create | Villager (Male) |
| 0:27 | Research | Loom |
| 0:28 | Create | Villager (Male) |
| 0:28 | Create | Villager (Male) |
| 0:28 | Create | Villager (Male) |
| 0:28 | Create | Villager (Male) |
| 1:29 | Build | Palisade Wall |
| 1:42 | Build | Palisade Gate |
| 1:47 | Build | Palisade Wall |
| 2:20 | Create | Villager (Male) |
| 2:20 | Create | Villager (Male) |
| 2:33 | Build | Lumber Camp |
| 3:07 | Create | Villager (Male) |
| 3:07 | Create | Villager (Male) |
| 3:45 | Create | Villager (Male) |
| 3:46 | Create | Villager (Male) |
| 3:51 | Create | Villager (Male) |
| 3:52 | Create | Villager (Male) |
| 4:43 | Create | Villager (Male) |
| 4:44 | Create | Villager (Male) |
| 5:07 | Create | Villager (Male) |
| 5:07 | Create | Villager (Male) |
| 5:14 | Create | Villager (Male) |
| 5:14 | Create | Villager (Male) |
| 5:23 | Build | House |
| 5:24 | Build | House |
| 5:35 | Build | Mill |
| 5:59 | Create | Villager (Male) |
| 5:59 | Create | Villager (Male) |
| 6:08 | Create | Villager (Male) |
| 6:09 | Create | Villager (Male) |
| 7:03 | Create | Villager (Male) |
| 7:04 | Create | Villager (Male) |
| 7:04 | Create | Villager (Male) |
| 7:35 | Create | Villager (Male) |
| 7:35 | Create | Villager (Male) |
| 7:35 | Create | Villager (Male) |
| 8:31 | Create | Villager (Male) |
| 9:09 | Build | Mining Camp |
| 9:16 | Create | Villager (Male) |
| 9:35 | Build | Mill |
| 9:37 | Create | Villager (Male) |
| 9:40 | Create | Villager (Male) |
| 9:40 | Create | Villager (Male) |
| 9:40 | Create | Villager (Male) |
| 9:44 | Build | Lumber Camp |
| 10:26 | Build | House |
| 10:40 | Research | Feudal Age |
| 11:08 | Create | Villager (Male) |
| 11:08 | Create | Villager (Male) |
| 12:40 | Build | Farm |
| 12:43 | Build | Farm |
| 12:50 | Age | Feudal Age |
| 13:05 | Build | Market |
| 13:10 | Build | Blacksmith |
| 13:34 | Build | Farm |
| 14:01 | Research | Castle Age |
| 14:12 | Build | Lumber Camp |
| 14:15 | Research | Horse Collar |
| 15:09 | Create | Villager (Male) |
| 15:10 | Create | Villager (Male) |
| 15:21 | Research | Double-Bit Axe |
| 15:46 | Build | House |
| 15:50 | Build | House |
| 16:17 | Build | Farm |
| 16:21 | Build | Farm |
| 16:41 | Age | Castle Age |
| 16:48 | Build | Town Center |
| 17:00 | Build | Town Center |
| 17:10 | Create | Villager (Male) |
| 17:11 | Create | Villager (Male) |
| 17:16 | Build | Farm |
| 17:19 | Build | Farm |
| 17:21 | Build | Farm |
| 17:39 | Build | Farm |
| 18:02 | Create | Villager (Male) |
| 18:02 | Create | Villager (Male) |
| 18:02 | Create | Villager (Male) |
| 18:28 | Build | Farm |
| 18:32 | Build | Farm |
| 18:39 | Create | Villager (Male) |
| 18:39 | Create | Villager (Male) |
| 18:39 | Create | Villager (Male) |
| 18:39 | Create | Villager (Male) |
| 19:02 | Build | Farm |
| 19:10 | Build | Farm |
| 19:21 | Build | House |
| 19:22 | Build | House |
| 19:24 | Build | House |
| 19:26 | Build | House |
| 19:27 | Build | House |
| 19:28 | Build | House |
| 19:29 | Build | House |
| 19:30 | Create | Villager (Male) |
| 19:31 | Create | Villager (Male) |
| 19:31 | Create | Villager (Male) |
| 19:34 | Build | Farm |
| 19:35 | Create | Villager (Male) |
| 19:36 | Create | Villager (Male) |
| 19:42 | Build | Farm |
| 20:02 | Build | Farm |
| 20:04 | Build | Farm |
| 20:08 | Build | Farm |
| 20:13 | Create | Villager (Male) |
| 20:13 | Create | Villager (Male) |
| 20:14 | Create | Villager (Male) |
| 20:14 | Create | Villager (Male) |
| 20:19 | Build | Farm |
| 20:28 | Create | Villager (Male) |
| 20:28 | Create | Villager (Male) |
| 20:40 | Build | Town Center |
| 20:46 | Create | Villager (Male) |
| 20:47 | Create | Villager (Male) |
| 20:47 | Create | Villager (Male) |
| 20:53 | Build | Farm |
| 21:07 | Build | House |
| 21:14 | Build | House |
| 21:15 | Build | House |
| 21:18 | Build | Farm |
| 21:23 | Create | Villager (Male) |
| 21:23 | Create | Villager (Male) |
| 21:24 | Create | Villager (Male) |
| 21:24 | Create | Villager (Male) |
| 21:24 | Create | Villager (Male) |
| 21:47 | Create | Villager (Male) |
| 21:47 | Create | Villager (Male) |
| 21:47 | Create | Villager (Male) |
| 21:48 | Create | Villager (Male) |
| 22:09 | Build | Town Center |
| 22:12 | Create | Villager (Male) |
| 22:12 | Create | Villager (Male) |
| 22:13 | Create | Villager (Male) |
| 22:15 | Build | Farm |
| 22:26 | Create | Villager (Male) |
| 22:27 | Create | Villager (Male) |
| 22:27 | Create | Villager (Male) |
| 22:35 | Build | Farm |
| 22:45 | Build | Farm |
| 22:52 | Build | Farm |
| 22:53 | Create | Villager (Male) |
| 22:54 | Create | Villager (Male) |
| 22:54 | Create | Villager (Male) |
| 23:03 | Create | Villager (Male) |
| 23:03 | Create | Villager (Male) |
Match timeline
| 0:34 | Da G Un1t · wall_segment Palisade Wall x13 |
| 1:21 | midenight6 · wall_segment Palisade Wall x2 |
| 1:26 | midenight6 · wall_segment Palisade Wall x22 |
| 1:29 | 90_Archer · wall_segment Palisade Wall x7 |
| 1:47 | 90_Archer · wall_segment Palisade Wall x5 |
| 2:06 | TrueCrime · wall_segment Palisade Wall x7 |
| 4:46 | midenight6 · wall_segment Palisade Wall x21 |
| 7:09 | TranceAddict95 · wall_segment Palisade Wall x22 |
| 9:20 | Da G Un1t · first_building Dock |
| 10:21 | midenight6 · wall_segment Palisade Wall x10 |
| 11:02 | aktaa_darwish · first_building Dock |
| 11:06 | essen · age_up feudal |
| 12:37 | midenight6 · first_building Dock |
| 12:37 | merdup · age_up feudal |
| 12:50 | 90_Archer · age_up feudal |
| 13:00 | TranceAddict95 · first_building Barracks |
| 13:07 | TrueCrime · age_up feudal |
| 13:08 | midenight6 · wall_segment Palisade Wall x1 |
| 13:12 | TranceAddict95 · age_up feudal |
| 13:30 | aktaa_darwish · age_up feudal |
| 14:16 | Da G Un1t · wall_segment Stone Wall x11 |
| 14:51 | midenight6 · wall_segment Palisade Wall x9 |
| 15:45 | TrueCrime · wall_segment Stone Wall x9 |
| 16:03 | aktaa_darwish · wall_segment Stone Wall x10 |
| 16:38 | TrueCrime · wall_segment Stone Wall x1 |
| 16:41 | 90_Archer · age_up castle |
| 16:51 | Da G Un1t · first_building Barracks |
| 17:02 | aktaa_darwish · wall_segment Stone Wall x1 |
| 18:07 | TranceAddict95 · first_building Stable |
| 18:18 | essen · first_building Barracks |
| 18:23 | midenight6 · age_up feudal |
| 18:28 | TranceAddict95 · age_up castle |
| 18:29 | merdup · wall_segment Stone Wall x10 |
| 19:00 | Da G Un1t · first_building Archery Range |
| 19:11 | TranceAddict95 · first_market_buy 100 food |
| 19:32 | essen · age_up castle |
| 19:42 | essen · first_building Monastery |
| 19:53 | midenight6 · wall_segment Stone Wall x23 |
| 19:54 | merdup · age_up castle |
| 20:29 | aktaa_darwish · age_up castle |
| 21:01 | merdup · first_building Monastery |
| 21:26 | TrueCrime · first_market_buy 100 food |
| 22:36 | TranceAddict95 · first_building Castle |
| 22:44 | midenight6 · age_up castle |
| 22:46 | TrueCrime · first_building Barracks |
| 23:06 | aktaa_darwish · first_building Castle |
| 23:56 | midenight6 · first_building Monastery |
| 24:01 | TranceAddict95 · first_building Siege Workshop |
| 24:51 | TrueCrime · first_building Archery Range |
| 24:52 | aktaa_darwish · first_building Barracks |
| 24:59 | 90_Archer · first_building Dock |
| 25:42 | TrueCrime · age_up castle |
| 26:28 | TrueCrime · first_market_sell 100 food |
| 26:29 | midenight6 · first_building Castle |
| 26:39 | Da G Un1t · first_building Monastery |
| 26:54 | essen · first_building Archery Range |
| 27:22 | midenight6 · wall_segment Stone Wall x23 |
| 27:50 | midenight6 · first_market_sell 500 wood |
| 28:05 | aktaa_darwish · first_building Stable |
| 28:14 | TrueCrime · first_building Castle |
| 28:16 | merdup · first_building Castle |
| 28:31 | midenight6 · first_building Siege Workshop |
| 28:40 | aktaa_darwish · first_building Siege Workshop |
| 28:45 | essen · first_building Castle |
| 29:07 | 90_Archer · first_building Monastery |
| 29:20 | 90_Archer · first_building Castle |
| 30:13 | merdup · first_building Siege Workshop |
| 30:23 | TranceAddict95 · wall_segment Stone Wall x6 |
| 30:31 | TranceAddict95 · wall_segment Stone Wall x11 |
| 31:18 | midenight6 · age_up imperial |
| 31:28 | Da G Un1t · first_building Castle |
| 31:37 | TrueCrime · wall_segment Stone Wall x12 |
| 31:47 | merdup · first_building Barracks |
| 32:14 | essen · first_building Siege Workshop |
| 32:22 | TranceAddict95 · wall_segment Stone Wall x5 |
| 32:36 | essen · wall_segment Stone Wall x8 |
| 32:59 | midenight6 · first_building Barracks |
| 33:06 | TrueCrime · wall_segment Stone Wall x4 |
| 34:23 | 90_Archer · age_up imperial |
| 34:48 | TranceAddict95 · first_market_sell 100 wood |
| 35:07 | midenight6 · first_building Stable |
| 35:13 | merdup · age_up imperial |
| 36:03 | aktaa_darwish · age_up imperial |
| 36:04 | TranceAddict95 · age_up imperial |
| 36:22 | essen · age_up imperial |
| 37:12 | 90_Archer · first_building Barracks |
| 37:37 | TrueCrime · age_up imperial |
| 37:45 | TranceAddict95 · first_building Monastery |
| 38:05 | 90_Archer · first_building Stable |
| 39:23 | TrueCrime · wall_segment Stone Wall x8 |
| 39:41 | 90_Archer · first_building Archery Range |
| 40:10 | TrueCrime · wall_segment Stone Wall x14 |
| 50:24 | merdup · wall_segment Stone Wall x18 |
| 51:11 | Da G Un1t · wall_segment Stone Wall x17 |
| 52:40 | merdup · first_market_buy 100 stone |
| 56:12 | essen · first_building Stable |
| 63:18 | 90_Archer · wall_segment Stone Wall x3 |
| 65:02 | TrueCrime · wall_segment Stone Wall x17 |
| 65:20 | 90_Archer · first_building Siege Workshop |
| 66:13 | merdup · wall_segment Stone Wall x16 |
| 67:11 | midenight6 · wall_segment Stone Wall x8 |
| 67:44 | 90_Archer · first_market_sell 500 wood |
| 67:58 | TrueCrime · resign |
| 70:56 | midenight6 · wall_segment Stone Wall x11 |
| 71:18 | essen · first_market_sell 500 wood |
| 71:23 | essen · first_market_buy 100 food |
| 72:29 | midenight6 · wall_segment Stone Wall x10 |
| 76:06 | TranceAddict95 · wall_segment Palisade Wall x13 |
[ AI ANALYSIS · 1 CREDIT ]
What really happened in this match?
Wolo.gg analyzes every decision: build order, eco, micro, common mistakes by bracket. Personalized analysis on WhatsApp or Discord in 30 seconds.
Civ guide
Italians
Perfil
Jugador #390975